 Dungeon Crawl Stone Soup version 0.28.0-1-gb440e238dd (webtiles) character file.

Game seed: 3748339849825969550

32 Ijustatesigmund the Skirmisher (level 3, 0/39 HPs)
             Began as an Octopode Fighter on Feb 24, 2022.
             Succumbed to a goblin's poison
             ... on level 2 of the Dungeon.
             The game lasted 00:01:48 (1239 turns).

Ijustatesigmund the Skirmisher (Octopode Fighter)   Turns: 1239, Time: 00:01:48

Health: 0/39       AC: 21    Str: 17    XL:     3   Next: 27%
Magic:  3/3        EV:  2    Int: 10    God:
Gold:   17         SH:  8    Dex: 11    Spells: 2/2 levels left

rFire   . . .      SeeInvis .   a - +0 war axe
rCold   . . .      Faith    .   b - +0 kite shield
rNeg    . . .      Spirit   .   (helmet currently unavailable)
rPois   +          Reflect  .   (no amulet)
rElec   .          Harm     .   (no ring)
rCorr   .          Rampage  .   (no ring)
Will    .....      NoTele   +   (no ring)
Stlth   +.........              (no ring)
HPRegen 0.13/turn               (no ring)
MPRegen 0.08/turn               (no ring)
                                (no ring)
                                (no ring)

@: brilliant, lethally poisoned (0 -> -4), tree-form, attractive
A: stationary, stasis, torment immunity, boosted hp, almost no armour,
(amphibious), 8 rings, (camouflage 1), (gelatinous body 1), (nimble swimmer 1),
(tentacles)
a: no special abilities


You were on level 2 of the Dungeon.
You were a tree.
You visited 1 branch of the dungeon, and saw 2 of its levels.

You collected 43 gold pieces.
You spent 26 gold pieces at shops.

Inventory:

Hand Weapons
 a - a +0 war axe (weapon)
Missiles
 h - 6 poisoned darts (quivered)
Armour
 b - a +0 kite shield (worn)
Scrolls
 j - a scroll of blinking {unknown}
Potions
 c - a potion of might
 f - 2 potions of brilliance
 g - a potion of cancellation {unknown}
 i - a potion of curing {unknown}


   Skills:
 + Level 3.3 Fighting
 + Level 2.4 Axes
 + Level 3.3 Dodging
 + Level 3.3 Shields


You had 2 spell levels left.
You didn't know any spells.
Your spell library contained the following spells:

 Spells                   Type           Power      Damage    Failure   Level
 Foxfire                  Conj/Fire      0%         2x1d4     75%         1
 Conjure Flame            Conj/Fire      0%         6-21      98%         3
 Inner Flame              Hex/Fire       0%         N/A       98%         3
 Flame Wave               Conj/Fire      0%         2d4       100%        4


Dungeon Overview and Level Annotations

Branches:
Dungeon (2/15)

Altars:
Dithmenos

Shops:
D:1 *


Innate Abilities, Weirdness & Mutations

You are a tree.
Your roots penetrate the ground, keeping you stationary.
You cannot be teleported.
You are immune to unholy pain and torment.
Your maximum health is greatly increased.
You cannot wear most types of armour.
((You are amphibious.))
You can wear up to eight rings at the same time.
((Your skin changes colour to match your surroundings (Stealth+).))
((Your rubbery body absorbs attacks. (AC +1, EV +1)))
((You are camouflaged when in or above water. (Stealth+)))
((You have tentacles for arms and can constrict up to eight enemies at once.))


Message History

A goblin comes into view. It is wielding a +1 dagger of venom.
Found a scroll labelled EDWIDARIMU.
The goblin shouts!
The goblin hits you with a +1 dagger of venom.
You are poisoned.
You closely miss the goblin. Your grab misses the goblin.
You feel very sick.
The goblin hits you with a +1 dagger of venom.
You barely miss the goblin. Your grab misses the goblin.
You feel sick. You block the goblin's attack.
The goblin hits you with a +1 dagger of venom.
You are lethally poisoned!
You slash the goblin!
You kill the goblin!
You feel very sick.
You are too injured to fight recklessly!
You are too injured to fight recklessly!
You are too injured to fight recklessly!
You are too injured to fight recklessly!
You are too injured to fight recklessly!
You are too injured to fight recklessly!
You are too injured to fight recklessly!
You are too injured to fight recklessly!
You are too injured to fight recklessly!
* * * LOW HITPOINT WARNING * * *
You feel very sick.
* * * LOW HITPOINT WARNING * * *
You feel sick.
A rat comes into view.
It was a potion of brilliance.
You feel clever all of a sudden.
* * * LOW HITPOINT WARNING * * *
You feel sick.
It was a potion of lignification.
You turn into a tree.
Your roots penetrate the ground.
* * * LOW HITPOINT WARNING * * *
You feel sick.
It was a potion of attraction.
You feel attractive to monsters.
You die...

#.. #.# ## #.#
..# #.# #.#
#.# #.# #.# ##
##.## #.#
#..###...###.#
###.#
#.r..♣#.....#
#...#
#####...#####
#.###
#.......# #.#
######...###.#
##.##
#......###
.#####<..##
#.####.#
...........
#.#
######..†##
#.# ##.## #.#
#######.#


You could see a rat.

Vanquished Creatures
  6 ball pythons
  4 bats
  2 endoplasms (D:2)
  3 goblins
  3 hobgoblins (D:1)
  2 kobolds
  A quokka (D:1)
  2 frilled lizards
  6 rats
29 creatures vanquished.

Notes
Turn   | Place    | Note
-------+----------+-------------------------------------------
     0 | D:1      | Ijustatesigmund the Octopode Fighter began the quest for
                  | the Orb.
     0 | D:1      | Reached XP level 1. HP: 16/16 MP: 1/1
   354 | D:1      | Reached XP level 2. HP: 21/21 MP: 2/2
   470 | D:1      | Found Volot's Assorted Antiques.
   475 | D:1      | Bought a gluggy blue potion for 13 gold pieces
   475 | D:1      | Bought a blue potion for 13 gold pieces
  1006 | D:2      | Reached XP level 3. HP: 26/26 MP: 3/3
  1041 | D:2      | Found a shadowy altar of Dithmenos.
  1067 | D:2      | Found a faded altar of an unknown god.
  1237 | D:2      | HP: 1/26 [poisoned by a goblin]
  1239 | D:2      | Succumbed to a goblin's poison

Illustrated notes

Levels and vault maps discovered:
D:1:      dpeg_arrival_arbitrary_b, layout_basic, serial_shops,
          nicolae_square_shop, chequers_serial_rivers_small_b
D:2:      layout_loops_ring, shapermc_ecumenical_altar_pompeii, basic_altar,
          palyth_stone_intersect, minmay_misc_feat_ornament, nrook_uturn,
          uniq_crazy_yiuf_cottage

Action                   || total
-------------------------++-------
Melee: War axe           ||    42
       Tentacles         ||     7
       Constrict         ||    10
       Punch             ||     2
  Use: Scroll            ||     1
       Potion            ||     3
 Stab: Sleeping          ||    13
Armor: Skin              ||     2
Dodge: Dodged            ||    17
Block: Buckler           ||     1
       Kite shield       ||    14
